Map: Echo LE (Void)

Players

llllllllllll (Zest) - Winner!

  • Race: Protoss Protoss
  • League: Master
  • Spawn Location: 11:00

LiquidMaNa (MaNa)

  • Race: Protoss Protoss
  • League: Grandmaster
  • Spawn Location: 5:00

Event: NationWars IV

VOD

Have the link to the VOD?

Description

Time

  • Played on: Jan. 21, 2017, 4:31 p.m.
  • Length: 15:34
Show
View Real Time Build Order
Export as new Build Order

llllllllllll Protoss - Winner!

Build Orders: Blink Stalkers 

Get SALT Encoding   

  12  0:00  Probe (Chrono Boost)  
  13  0:11  Probe (Chrono Boost)  
  14  0:17  Pylon  
  14  0:22  Probe (Chrono Boost)  
  15  0:35  Probe (Chrono Boost), Gateway  
  16  0:45  Probe (Chrono Boost)  
  16  0:46  Assimilator  
  17  0:56  Probe (Chrono Boost)  
  18  0:57  Assimilator  
  18  1:02  Gateway  
  18  1:06  Probe (Chrono Boost)  
  19  1:17  Probe (Chrono Boost)  
  20  1:22  Cybernetics Core  
  20  1:28  Probe (Chrono Boost)  
  20  1:30  Pylon  
  21  1:38  Probe (Chrono Boost)  
  22  1:49  Probe (Chrono Boost)  
  22  1:51  Warp Gate  
  23  2:01  Adept x2  
  29  2:09  Mothership Core (Chrono Boost), Pylon  
  29  2:28  Stalker x2  
  33  2:50  Nexus  
  33  2:58  Sentry  
  35  3:02  Twilight Council  
  35  3:10  Pylon  
  35  3:12  Probe (Chrono Boost)  
  36  3:22  Probe (Chrono Boost)  
  37  3:33  Probe (Chrono Boost)  
  38  3:39  Blink  
  38  3:43  Probe (Chrono Boost)  
  38  3:47  Robotics Facility  
  39  3:54  Probe (Chrono Boost)  
  40  4:02  Probe (Chrono Boost)  
  41  4:04  Probe (Chrono Boost)  
  41  4:07  Sentry, Oracle  
  44  4:10  Gateway  
  44  4:12  Gateway  
  44  4:15  Probe (Chrono Boost)  
  44  4:16  Probe (Chrono Boost)  
  46  4:24  Sentry  
  48  4:25  Probe (Chrono Boost)  
  48  4:27  Probe (Chrono Boost)  
  50  4:34  Assimilator  
  50  4:36  Probe (Chrono Boost)  
  50  4:37  Assimilator  
  50  4:38  Probe (Chrono Boost), Observer  
  53  4:41  Pylon  
  53  4:46  Probe (Chrono Boost)  
  53  4:48  Probe (Chrono Boost)  
  53  4:52  Forge  
  55  4:57  Probe (Chrono Boost)  
  55  4:59  Probe (Chrono Boost)  
  57  5:04  Immortal  
  61  5:07  Probe (Chrono Boost)  
  61  5:09  Probe (Chrono Boost)  
  63  5:16  Protoss Ground Weapons Level 1  
  63  5:18  Probe (Chrono Boost)  
  63  5:20  Probe (Chrono Boost)  
  63  5:21  Robotics Bay  
  65  5:26  Pylon  
  65  5:31  Probe (Chrono Boost)  
  66  5:38  Immortal  
  70  5:58  Nexus  
  70  5:59  Pylon  
  70  6:09  Stalker  
  70  6:10  Stalker x3  
  78  6:14  Disruptor  
  81  6:28  Pylon x2  
  81  6:38  Probe x2 (Chrono Boost)  
  83  6:44  Pylon  
  83  6:46  Stalker x4  
  91  6:47  Disruptor  
  91  6:50  Probe x2 (Chrono Boost)  
  96  7:02  Robotics Facility  
  96  7:05  Stargate  
  98  7:09  Probe x2 (Chrono Boost)  
  98  7:14  Probe (Chrono Boost), Assimilator  
  99  7:18  Assimilator  
  99  7:21  Probe (Chrono Boost)  
  101  7:23  Probe (Chrono Boost)  
  101  7:25  Stalker x2  
  101  7:26  Stalker  
  107  7:33  Probe (Chrono Boost)  
  107  7:34  Probe (Chrono Boost)  
  107  7:35  Probe (Chrono Boost)  
  110  7:48  Disruptor  
  110  7:53  Disruptor  
  116  7:58  Protoss Ground Weapons Level 2  
  116  8:01  Probe x2 (Chrono Boost)  
  115  8:06  Stalker x4  
  115  8:07  Probe (Chrono Boost)  
  125  8:13  Probe (Chrono Boost)  
  125  8:15  Pylon  
  125  8:16  Pylon  
  125  8:20  Gateway  
  125  8:22  Gateway  
  125  8:25  Pylon  
  125  8:28  Photon Cannon  
  125  8:31  Oracle  
  125  8:32  Pylon  
  128  8:34  Probe (Chrono Boost)  
  128  8:35  Photon Cannon, Probe x2 (Chrono Boost)  
  131  8:46  Disruptor x2  
  137  8:56  Photon Cannon  
  137  8:57  Pylon  
  137  8:58  Observer Gravitic Boosters  
  137  9:02  Pylon  
  137  9:04  Pylon  
  137  9:05  Oracle  
  140  9:24  Pylon  
  140  9:25  Disruptor  
  140  9:29  Disruptor  
  146  9:32  Nexus  
  146  9:33  Stalker x2  
  150  9:59  Stalker  
  152  10:00  Stalker x4  
  152  10:04  Disruptor  
  152  10:05  Stalker  
  152  10:06  Protoss Ground Weapons Level 3  
  162  10:07  Pylon  
  162  10:09  Disruptor  
  168  10:26  Charge  
  168  10:29  Gateway  
  168  10:31  Gateway  
  168  10:34  Photon Cannon  
  168  10:36  Photon Cannon  
  168  10:40  Oracle  
  168  11:02  Immortal  
  168  11:07  Immortal  
  176  11:13  Templar Archives, Zealot x3  
  176  11:14  Zealot x3  
  188  11:20  Gateway  
  188  11:22  Gateway  
  188  11:41  Zealot x6  
  181  11:55  Disruptor  
  181  11:59  Disruptor  
  187  12:09  Zealot x6  
  195  12:50  Zealot x2  
  195  12:53  Probe (Chrono Boost)  
  195  12:54  Probe (Chrono Boost)  
  196  13:05  Probe (Chrono Boost)  
  196  13:07  Probe (Chrono Boost)  
  188  13:17  Zealot x2  
  188  13:18  Zealot x3  
  149  13:33  Zealot x5  
  141  13:35  Probe (Chrono Boost)  
  141  13:36  Probe x3 (Chrono Boost)  
  140  13:45  Zealot x2  
  140  13:46  Zealot x3  
  144  13:58  Zealot x3  
  144  14:01  Probe x2 (Chrono Boost)  
  144  14:02  Probe (Chrono Boost)  
  151  14:09  Stalker x2  
  155  14:10  Probe (Chrono Boost)  
  155  14:13  Probe (Chrono Boost)  
  155  14:14  Probe (Chrono Boost)  
  158  14:26  High Templar x3  
  158  14:27  High Templar x5  
  174  14:32  Archon x3  
  174  14:33  Archon  
  174  14:35  Immortal  
  174  14:39  Zealot x2  
  174  14:40  Immortal  
  160  15:05  Zealot x7  
  154  15:12  Observer  
Show
View Real Time Build Order
Export as new Build Order

LiquidMaNa Protoss 

Build Orders:  

Get SALT Encoding   

  12  0:00  Probe (Chrono Boost)  
  13  0:11  Probe (Chrono Boost)  
  14  0:17  Pylon  
  14  0:21  Probe (Chrono Boost)  
  15  0:35  Probe (Chrono Boost)  
  16  0:36  Gateway  
  16  0:43  Assimilator  
  16  0:46  Probe (Chrono Boost)  
  17  0:51  Assimilator  
  17  0:56  Probe (Chrono Boost)  
  18  1:03  Gateway  
  18  1:07  Probe (Chrono Boost)  
  19  1:17  Probe (Chrono Boost)  
  20  1:24  Cybernetics Core  
  20  1:28  Probe (Chrono Boost)  
  21  1:33  Pylon  
  21  1:38  Probe (Chrono Boost)  
  22  1:49  Probe (Chrono Boost), Warp Gate  
  25  2:01  Mothership Core (Chrono Boost)  
  25  2:03  Stalker  
  25  2:08  Stalker  
  29  2:14  Pylon  
  29  2:33  Stalker  
  31  2:38  Stalker  
  31  2:42  Probe (Chrono Boost)  
  34  2:54  Probe (Chrono Boost)  
  35  3:05  Nexus  
  35  3:11  Probe (Chrono Boost)  
  35  3:19  Pylon  
  35  3:21  Sentry x2  
  39  3:33  Robotics Facility  
  39  3:38  Probe (Chrono Boost)  
  41  3:48  Probe (Chrono Boost)  
  41  3:58  Twilight Council  
  41  3:59  Probe (Chrono Boost)  
  42  4:05  Stalker  
  42  4:09  Probe (Chrono Boost)  
  45  4:18  Probe (Chrono Boost)  
  45  4:20  Probe (Chrono Boost)  
  45  4:21  Observer  
  48  4:28  Probe (Chrono Boost)  
  48  4:30  Probe (Chrono Boost)  
  50  4:33  Assimilator  
  50  4:35  Blink, Assimilator  
  50  4:39  Probe (Chrono Boost)  
  50  4:40  Pylon  
  50  4:44  Probe (Chrono Boost)  
  52  4:49  Probe (Chrono Boost)  
  53  4:53  Immortal  
  53  4:56  Probe (Chrono Boost)  
  58  5:00  Probe (Chrono Boost)  
  59  5:08  Probe (Chrono Boost)  
  59  5:10  Probe (Chrono Boost)  
  61  5:19  Probe (Chrono Boost)  
  62  5:22  Robotics Bay  
  62  5:26  Gateway  
  62  5:27  Probe (Chrono Boost)  
  63  5:29  Probe (Chrono Boost)  
  63  5:32  Warp Prism  
  66  5:38  Probe (Chrono Boost)  
  66  5:40  Probe (Chrono Boost)  
  68  5:46  Robotics Facility  
  69  5:50  Probe x2 (Chrono Boost)  
  69  5:54  Pylon  
  70  5:57  Pylon  
  70  6:00  Pylon  
  70  6:10  Disruptor  
  70  6:13  Pylon  
  70  6:15  Adept x2  
  77  6:26  Nexus  
  77  6:28  Disruptor  
  77  6:31  Pylon  
  80  6:42  Disruptor  
  80  6:43  Stalker, Sentry x2  
  86  6:53  Pylon  
  91  6:55  Probe x2 (Chrono Boost)  
  91  6:59  Disruptor  
  94  7:11  Stalker x2  
  94  7:12  Stalker  
  94  7:13  Disruptor  
  100  7:20  Probe x2 (Chrono Boost)  
  105  7:26  Gateway  
  105  7:27  Gateway  
  105  7:36  Disruptor  
  108  7:47  Stalker x3  
  114  7:58  Probe x2 (Chrono Boost)  
  108  8:08  Gravitic Drive  
  108  8:09  Probe (Chrono Boost)  
  108  8:10  Probe x2 (Chrono Boost)  
  111  8:16  Stalker x2  
  111  8:17  Stalker  
  118  8:20  Probe (Chrono Boost)  
  118  8:22  Disruptor  
  118  8:23  Probe x2 (Chrono Boost), Gateway  
  118  8:24  Forge  
  120  8:32  Stalker  
  125  8:35  Assimilator  
  125  8:38  Assimilator  
  125  8:45  Probe (Chrono Boost), Disruptor  
  125  8:46  Probe (Chrono Boost), Protoss Ground Weapons Level 1  
  130  8:56  Stalker  
  130  9:01  Pylon  
  130  9:02  Pylon  
  132  9:03  Photon Cannon, Pylon  
  132  9:05  Pylon  
  132  9:07  Photon Cannon  
  132  9:22  Probe x2 (Chrono Boost)  
  134  9:29  Stargate  
  134  9:33  Stalker x6  
  134  9:37  Probe x2 (Chrono Boost)  
  145  9:53  Warp Prism  
  145  9:57  Stalker x3  
  145  9:58  Stalker x2  
  155  10:02  Warp Prism  
  157  10:14  Oracle  
  160  10:27  Protoss Ground Weapons Level 2  
  158  10:29  Disruptor  
  158  10:34  Nexus  
  161  10:46  Charge  
  161  10:49  Pylon  
  159  10:54  Pylon  
  156  11:02  Warp Prism  
  156  11:05  Warp Prism  
  156  11:11  Stalker x3  
  165  11:13  Stalker  
  165  11:14  Stalker x2  
  171  11:33  Warp Prism  
  171  11:37  Nexus  
  171  11:38  Stalker  
  171  11:39  Pylon  
  172  11:45  Pylon  
  172  11:47  Pylon  
  172  11:49  Pylon  
  172  12:03  Disruptor  
  172  12:04  Disruptor  
  175  12:08  Stalker  
  175  12:09  Stalker x5  
  182  12:35  Disruptor  
  179  12:39  Disruptor  
  182  12:47  Nexus  
  182  12:51  Pylon  
  182  12:53  Pylon  
  182  12:57  Zealot x2  
  182  12:58  Zealot  
  185  13:04  Zealot  
  185  13:05  Zealot x2  
  191  13:06  Disruptor  
  194  13:14  Disruptor  
  168  13:37  Disruptor  
  156  13:46  Zealot x3  
  156  13:47  Zealot x2  
  165  13:50  Warp Prism  
  167  13:57  Nexus  
  158  14:08  Disruptor  
  147  14:10  Stalker x4  
  147  14:11  Stalker  
  159  14:23  Nexus  
  158  14:26  Warp Prism  
  158  14:42  Observer  
  159  14:46  Pylon  
  159  14:48  Pylon  
  111  15:08  Stalker x3  
  111  15:09  Stalker x3  
Tags
 
Add a new tag
Caveats
  • Supply blocks, unpowered buildings, or Contaminate may cause inaccurate times.
  • Supply counts are checked every 10 seconds.